 Dungeon Sprint DCSS version 0.30.1-5-ged363bc7ee (webtiles) character file.

Game seed: 12156760775300836763

37 Heoruswealwe the Covert (level 3, -14/17 HPs)
             Began as a Spriggan Artificer on Sept 19, 2023.
             Was an Initiate of Gozag.
             Killed from afar by a black draconian (28 damage)
             ... with a bolt of lightning
             ... in the Dungeon (Sprint V: "Ziggurat Sprint").
             The game lasted 00:04:13 (118 turns).

Heoruswealwe the Covert (Spriggan Artificer)         Turns: 118, Time: 00:04:13

Health: -14/17     AC: 16    Str:  8    XL:     3   Next: 23%
Magic:  4/4        EV:  8    Int: 12    God:    Gozag
Gold:   126        SH:  0    Dex: 29    Spells: 2/2 levels left

rFire   . . .        a - +5 rapier
rCold   . . .        (no shield)
rNeg    . . .        c - +5 shadow dragon scales
rPois   .            (helmet restricted)
rElec   .            (no cloak)
rCorr   .            (gloves unavailable)
SInv    +            (boots unavailable)
Will    .....        (no amulet)
Stlth   +++++++      i - +6 ring of dexterity
HPRegen 0.22/turn    h - +6 ring of dexterity
MPRegen 0.09/turn

%: no teleportation
@: very quick
A: very small, no large weapons, unfitting armour, see invisible, speed 3
a: Renounce Religion, Potion Petition, Call Merchant, Bribe Branch


You were in the Dungeon.
You worshipped Gozag.
Gozag was aware of your devotion.
You visited 1 branch You collected 126 gold pieces.

Inventory:

Hand Weapons
 a - a +5 rapier (weapon)
 b - a +5 quick blade
Armour
 c - +5 shadow dragon scales (worn)
Jewellery
 h - a +6 ring of dexterity (right hand)
 i - a +6 ring of dexterity (left hand)
Wands
 d - a wand of charming (15)
 e - a wand of iceblast (5)
 u - a wand of mindburst (7)
 v - a wand of acid (7)
 D - a wand of roots (10)
 E - a wand of flame (15) (quivered)
Scrolls
 k - 4 scrolls of blinking
Potions
 f - 10 potions of curing
 g - 10 potions of heal wounds
 m - 2 potions of invisibility
 n - 4 potions of resistance
 p - 5 potions of might
 x - 6 potions of haste


   Skills:
 - Level 0.7 Fighting
 - Level 3.2 Dodging
 + Level 13.1 Stealth
 - Level 4.0 Evocations


You had 2 spell levels left.
You didn't know any spells.
Your spell library was empty.

Dungeon Overview and Level Annotations

Branches:
Dungeon (1/1)

Altars:
Ashenzari
Cheibriados
Dithmenos
Elyvilon
Fedhas
Gozag
Hepliaklqana
Kikubaaqudgha
Makhleb
Nemelex Xobeh
Okawaru
Qazlal
Ru
Sif Muna
Trog
Uskayaw
Vehumet
Wu Jian
Xom
Yredelemnul
Zin
The Shining One
Jiyva
Lugonu

Annotations:
D 1 transporter


Innate Abilities, Weirdness & Mutations

You are very small and have problems with some larger weapons.
You are too small for most types of armour.
You have supernaturally acute eyesight. (SInv)
You cover ground extremely quickly. (Speed+++)


Message History

There is a transporter here.
Welcome to arena 1.
You enter the transporter and appear at another place.
An iron imp and a bat skeleton come into view.
Found a +2 long sword of electrocution and a +3 vampiric spear.
Found a transporter.
The helpless iron imp fails to defend itself.
You stick the iron imp like a pincushion!!!
You kill the iron imp!
Your Stealth skill gained 2 levels and is now at level 13!
You have reached level 3!
Your experience leads to an increase in your attributes!
Your base attributes are Str 8, Int 12, Dex 15.
Increase (S)trength, (I)ntelligence, or (D)exterity?
You feel agile. x2
The helpless bat skeleton fails to defend itself.
You spit the bat skeleton like a pig!!!
You destroy the bat skeleton!
You now have 72 gold pieces.
You see here a +3 vampiric spear.
You now have 126 gold pieces (gained 54).
You see here a +2 long sword of electrocution.
You see here a +2 long sword of electrocution.
You see here a +3 vampiric spear.
There is a transporter here.
Welcome to arena 2.
You enter the transporter and appear at another place.
A black draconian and 2 draconians come into view.
Found 4 potions of heal wounds, +0 storm dragon scales and a phantom mirror.
Found a transporter.
The helpless black draconian fails to defend itself.
You spit the black draconian like a pig!!!
The black draconian is heavily wounded.
The black draconian hits you with a +0 mace.
The draconian roars! x2
The black draconian breathes lightning at you.
The bolt of lightning hits you!!
Ouch! That really hurt!
You die...
Your body crumbles into a pile of gold.

▓▓▓▓▓▓▓▓▓▓▓▓▓
▓.8©8.▓.8©8.▓
▓.ddd.▓.....▓
▓.....▓.).).▓
▓..@..▓.....▓
▓.....▓.....▓
▓.....▓..©..▓
▓..©..▓▓▓▓▓▓▓
▓▓▓▓▓▓▓


You could see a black draconian (catching breath) and 2 draconians.

Vanquished Creatures
  An iron imp (D)
  A bat skeleton (D)
2 creatures vanquished.

Notes
Turn   | Place    | Note
-------+----------+-------------------------------------------
     0 | D        | Heoruswealwe the Spriggan Artificer began the quest for the
                  | Orb.
     0 | D        | Reached XP level 1. HP: 9/9 MP: 2/2
     0 | D        | Found a shimmering blue altar of Sif Muna.
     0 | D        | Found a sacrificial altar of Ru.
     0 | D        | Found a bloodstained altar of Trog.
     0 | D        | Found a stormy altar of Qazlal.
     0 | D        | Found an iron altar of Okawaru.
     0 | D        | Found a sparkling altar of Nemelex Xobeh.
     0 | D        | Found a blossoming altar of Fedhas.
     0 | D        | Found the +6 Majin-Bo {spellvamp, MP+6 Int+6}
     0 | D        | Found the +27 heavy crossbow "Sniper" {heavy, Acc+∞ SInv}
     0 | D        | Found the +10 dark maul {heavy}
     0 | D        | Found the +15 Maxwell's patent armour {-Cast -Tele rElec
                  | Will+ rCorr}
     0 | D        | Found the +18 shield of the Gong {Loud rN+ Will+ rCorr
                  | EV-5}
     0 | D        | Found the +16 obsidian axe {drain, demonic, Mesm Drain Fly
                  | SInv}
     0 | D        | Found the +7 great mace "Firestarter" {flame, immolate,
                  | rFlCloud rF++}
     0 | D        | Found the +6 shillelagh "Devastator" {shatter}
     0 | D        | Found the +11 plutonium sword {Contam Stlth-}
     0 | D        | Found the +8 lance "Wyrmbane" {slay drac, rPois rF+ rC+
                  | AC+3}
     0 | D        | Found the +9 sword of Zonguldrok {reap}
     0 | D        | Found the +13 scythe of Curses {drain, curses, Drain}
     0 | D        | Found the +9 sword of Power {lifebolt}
     0 | D        | Found the +7 mace of Variability {chaos, chaos arc}
     0 | D        | Found the +11 Singing Sword {sonic wave}
     0 | D        | Found the +8 storm bow {elec, penet}
     2 | D        | Found a transporter.
     2 | D        | Found an ancient bone altar of Kikubaaqudgha.
     2 | D        | Found a viscous altar of Jiyva.
     2 | D        | Found a corrupted altar of Lugonu.
     2 | D        | Found a hazy altar of Hepliaklqana.
     2 | D        | Found a burning altar of Makhleb.
     2 | D        | Found an opulent altar of Gozag.
    51 | D        | Became a worshipper of Gozag Ym Sagoz the Greedy
    80 | D        | Reached skill level 11 in Stealth
    80 | D        | Reached XP level 2. HP: 14/14 MP: 3/3
    96 | D        | Entered arena 2.
    96 | D        | Found a transporter.
   100 | D        | Reached skill level 13 in Stealth
   100 | D        | Reached XP level 3. HP: 17/17 MP: 4/4
   112 | D        | Entered arena 3.
   112 | D        | Noticed a draconian
   112 | D        | Noticed a black draconian
   112 | D        | Noticed a draconian
   112 | D        | Found a transporter.
   118 | D        | Killed from afar by a black draconian

Illustrated notes

Levels and vault maps discovered:
D:        sprint_v [room_start, room_1, room_2, room_3, room_4, room_5, room_6,
          room_7, room_8, room_9, room_10, room_11, room_12, room_13, room_14,
          room_15, room_16, room_17, room_18, room_19, room_20, room_21,
          room_22, room_23, room_24, room_25, room_26, room_27]

Skill      XL: |  1  2 |
---------------+-------+-----
Stealth        | 11 13 | 13.1
Fighting       | |  0.7
Dodging        | |  3.2
Evocations     | |  4.0

Action                     || total
---------------------------++-------
  Melee: Rapier            ||     3
    Use: Potion            ||     1
   Stab: Sleeping          ||     3
